 Dungeon Crawl Stone Soup version 0.27-a0-883-g39567a0c06 (webtiles) character file.

Game seed: 465388086746064664

797 HELP the Chopper (level 7, -1/57 HPs)
             Began as a Demonspawn Berserker on Apr 3, 2021.
             Was a Priest of Trog.
             Hit by a boomerang thrown by an orc (4 damage)
             ... on level 5 of the Dungeon.
             The game lasted 00:10:28 (3997 turns).

HELP the Chopper (Demonspawn Berserker)             Turns: 3997, Time: 00:10:29

Health: -1/57      AC:  2    Str: 18    XL:     7   Next: 58%
Magic:  7/7        EV: 11    Int:  9    God:    Trog [***...]
Gold:   151        SH:  3    Dex: 13    Spells: 6/6 levels left

rFire    . . .     SeeInvis .   a - +0 hand axe (vamp)
rCold    . . .     Faith    .   j - +0 buckler
rNeg     . . .     Spirit   .   b - +0 animal skin
rPois    .         Reflect  .   (no helmet)
rElec    .         Harm     .   (no cloak)
rCorr    .         Rampage  .   (no gloves)
Will     .....                  (no boots)
Stlth    +.........             (no amulet)
HPRegen  0.19/turn              (no ring)
MPRegen  0.10/turn              (no ring)

@: berserk cooldown, slowed, very slow
A: demonic guardian 2, demonic magic 1
a: Renounce Religion, Berserk, Trog's Hand


You were on level 5 of the Dungeon.
You worshipped Trog.
Trog was most pleased with you.
You visited 1 branch of the dungeon, and saw 4 of its levels.
You also visited: Sewer.

You collected 151 gold pieces.

Inventory:

Hand Weapons
 a - a +0 vampiric hand axe (weapon)
Armour
 b - a +0 animal skin (worn)
 j - a +0 buckler (worn)
Jewellery
 e - a +4 ring of protection
Scrolls
 c - 2 scrolls of teleportation
Potions
 d - a potion of curing
 f - a potion of heal wounds {unknown}
 g - 4 potions of flight
 h - a potion of haste {unknown}
 i - a potion of mutation {unknown}


   Skills:
 + Level 5.7 Fighting
 * Level 7.0 Axes
 - Level 1.7 Armour
 - Level 1.7 Dodging


You had 6 spell levels left.
You didn't know any spells.
Your spell library was empty.

Dungeon Overview and Level Annotations

Branches:
Dungeon (3/15)              Sewer (visited)

Altars:

Shops:
D:2 [


Innate Abilities, Weirdness & Mutations

A demonic guardian rushes to your aid.
Spells you cast may paralyse adjacent enemies.


Message History

The iguana is severely wounded.
You slash the centaur! You hit the orc. The centaur barely misses you. x2
You block the iguana's attack. The orc closely misses you.
You slash the iguana!
You kill the iguana!
Trog accepts your kill.
You hit the yak. You closely miss the centaur. You completely miss the orc.
The centaur barely misses you.
The centaur kicks you but does no damage.
You slash the yak!
The yak is heavily wounded.
You hit the orc.
You kill the orc!
Trog accepts your kill.
You completely miss the centaur.
You are no longer berserk.
Trog's vigour flows through your veins.
You are exhausted.
You feel yourself slow down. The yak barely misses you.
The centaur hits you but does no damage.
The centaur kicks you but does no damage.
A yak comes into view.
Your Axes skill increases to level 7!
The centaur wields a +0 shortbow.
The centaur shoots an arrow.
The arrow hits you! The yak gores you but does no damage.
The centaur shoots an arrow.
The arrow hits you!
A yak comes into view.
The yak closely misses you. The yak gores you! The yak barely misses you.
The centaur shoots an arrow.
The arrow hits you!
* * * LOW HITPOINT WARNING * * *
The yak gores you!
* * * LOW HITPOINT WARNING * * *
A demonic guardian appears!
The iguana closely misses your hellwing.
There is a stone staircase leading down, spattered with blood here.
The centaur unwields a +0 shortbow.
The centaur hits your hellwing.
The centaur barely misses your hellwing.
The orc throws a boomerang.
The boomerang hits you.
You die...

### ... # . #.#
.##Y
..######.###....
.......#.....Y.
.............####
......)cYY##.....
......)l4@.......
.................
....h.o...##...##
.........## ###
.........#
........##
.......## .....#


You could see 2 yaks, a black bear, a centaur, an iguana, an orc and a friendly
hellwing (summoned).

Vanquished Creatures
  Pikel (D:5)
  A centaur (D:5)
  Jessica (D:2)
  An iguana (D:5)
  A merfolk siren (Sewer)
  A merfolk avatar (Sewer)
  2 river rats (Sewer)
  4 adders
  2 worms (D:3)
  6 orcs
  4 endoplasms
  4 giant cockroaches
  5 goblins
  5 hobgoblins
  4 jackals (D:2)
  5 quokkas
  8 ball pythons
  3 bats
  3 frilled lizards
  2 kobolds
  16 rats
79 creatures vanquished.

Vanquished Creatures (collateral kills)
  2 river rats (Sewer)
  An orc (D:3)
  2 quokkas (D:3)
  5 rats (Sewer)
10 creatures vanquished.

Vanquished Creatures (others)
  A kraken (D:1)
  A ghoul (D:1)
  A draconian (D:1)
  A gargoyle (D:1)
  A vine stalker (D:1)
  An elf (D:1)
  A troll (D:1)
  A formicid (D:1)
  A spriggan (D:1)
  A human (D:1)
  2 nagas (D:1)
  A dwarf (D:1)
  8 tentacles (D:1)
21 creatures vanquished.

Grand Total: 110 creatures vanquished

Notes
Turn   | Place    | Note
-------+----------+-------------------------------------------
     0 | D:1      | HELP the Demonspawn Berserker began the quest for the Orb.
     0 | D:1      | Reached XP level 1. HP: 18/18 MP: 1/1
     2 | D:1      | Noticed a spriggan
     2 | D:1      | Noticed a human
     2 | D:1      | Noticed a vine stalker
     2 | D:1      | Noticed a naga
     2 | D:1      | Noticed a dwarf
     2 | D:1      | Noticed an elf
     2 | D:1      | Noticed a kraken
     2 | D:1      | Noticed a naga
     2 | D:1      | Noticed a troll
     2 | D:1      | Noticed a vampire
     2 | D:1      | Noticed a ghoul
     2 | D:1      | Noticed a gargoyle
     2 | D:1      | Noticed a draconian
     2 | D:1      | Noticed a formicid
     2 | D:1      | Noticed a centaur
     2 | D:1      | Noticed a ghoul
     5 | D:1      | Killed a naga
     6 | D:1      | Killed a spriggan
     6 | D:1      | Killed an elf
     7 | D:1      | Killed a troll
     9 | D:1      | Killed a vine stalker
    10 | D:1      | Killed a gargoyle
    10 | D:1      | Killed a dwarf
    11 | D:1      | Killed a human
    12 | D:1      | Killed a naga
    12 | D:1      | Killed a formicid
    13 | D:1      | Killed a draconian
    18 | D:1      | Killed a ghoul
    19 | D:1      | Killed a kraken
   186 | D:1      | Found a faded altar of an unknown god.
   487 | D:1      | Reached skill level 3 in Axes
   530 | D:1      | Gained mutation: A weak demonic guardian rushes to your
                  | aid. [demonic ancestry]
   530 | D:1      | Reached XP level 2. HP: 24/24 MP: 2/2
  1185 | D:2      | Noticed Jessica
  1191 | D:2      | Killed Jessica
  1192 | D:2      | Reached XP level 3. HP: 25/29 MP: 3/3
  1567 | D:2      | Reached ** piety under Trog
  1569 | D:2      | Found Biatirypt's Armour Boutique.
  1591 | D:2      | Reached skill level 4 in Axes
  1755 | D:2      | Reached XP level 4. HP: 37/37 MP: 4/4
  2381 | D:3      | Found a glowing drain.
  2393 | Sewer    | Entered a sewer
  3305 | Sewer    | Reached XP level 5. HP: 33/42 MP: 5/5
  3619 | Sewer    | Reached skill level 5 in Axes
  3977 | D:3      | You fall into a shaft and drop 2 floors!
  3977 | D:5      | Entered Level 5 of the Dungeon
  3977 | D:5      | Noticed Pikel
  3977 | D:5      | Noticed a lemure
  3977 | D:5      | Noticed a lemure
  3977 | D:5      | Noticed a lemure
  3977 | D:5      | Noticed a lemure
  3978 | D:5      | Noticed a centaur
  3982 | D:5      | Noticed a centaur
  3984 | D:5      | Noticed a yak
  3987 | D:5      | Killed Pikel
  3987 | D:5      | Noticed a yak
  3988 | D:5      | Reached skill level 5 in Fighting
  3988 | D:5      | Reached skill level 6 in Axes
  3988 | D:5      | Gained mutation: Spells you cast may paralyse adjacent
                  | enemies. [demonic ancestry]
  3988 | D:5      | Reached XP level 6. HP: 51/51 MP: 6/6
  3988 | D:5      | Gained mutation: A demonic guardian rushes to your aid.
                  | [demonic ancestry]
  3988 | D:5      | Reached XP level 7. HP: 56/56 MP: 7/7
  3991 | D:5      | Reached *** piety under Trog
  3994 | D:5      | Noticed a yak
  3995 | D:5      | Reached skill level 7 in Axes
  3995 | D:5      | Noticed a yak
  3996 | D:5      | HP: 2/57 [yak (11)]
  3997 | D:5      | Hit by a boomerang thrown by an orc

Illustrated notes

Levels and vault maps discovered:
D:1:      nicolae_arrival_kraken_aquarium_b, layout_basic,
          basic_ecumenical_altar
D:2:      layout_basic, serial_shops, nicolae_shop_statue_plus, serial_curves,
          eino_curves_02, eino_curves_01, eino_curves_04, grunt_ministairs_1,
          minmay_misc_feat_four_crosses, kennysheep_big_empty_room, uniq_jessica
D:3:      layout_basic, okawaru_ov_weapons_minmay, marbit_many_paths,
          portal_sewer_entry_f
D:5:      layout_cave_pools, gammafunk_ghost_icy, minmay_hollow_rounded_squares,
          uniq_pikel, uniq_eustachio

Skill      XL: |  1  2  3  4  5  6  7 |
---------------+----------------------+-----
Axes           | 3 4 6 7 |  7.0
Fighting       | 4 5 |  5.7
Armour         | |  1.7
Dodging        | |  1.7

Action                   |  1- 3 |  4- 6 |  7- 9 || total
-------------------------+-------+-------+-------++-------
Melee: Hand axe          |    63 |   211 |     7 ||   281
Invok: Berserk           |     1 |     3 |       ||     4
       Trog's Hand       |       |     1 |       ||     1
  Use: Scroll            |       |     2 |       ||     2
       Potion            |       |     2 |       ||     2
 Stab: Sleeping          |     2 |     1 |       ||     3
       Distracted        |       |     1 |       ||     1
Armor: Animal skin       |     8 |    33 |     5 ||    46
Dodge: Dodged            |    35 |   136 |    12 ||   183
Block: Buckler           |       |    21 |     4 ||    25

Table legend: (Time is in decaauts)
 A = Elapsed time spent in this place.
 B = Non-inter-level travel time spent in this place.
 C = Inter-level travel time spent in this place.
 D = Time resting spent in this place.
 E = Time spent auto-exploring this place.
 F = Levels seen in this place.
 G = Mean time per level.
                   A        B        C        D        E       F      G
               +--------+--------+--------+--------+--------+-----+--------+
         Total |   4124 |   3997 |    127 |   1008 |   2262 |   5 |  824.8 |
       Dungeon |   2584 |   2457 |    127 |     37 |   2088 |   4 |  646.0 |
         Sewer |   1539 |   1539 |      0 |    970 |    174 |   1 | 1539.0 |
               +--------+--------+--------+--------+--------+-----+--------+

Top non-repeatable levels by time:
   Sewer: 1539 daAuts
     D:2: 1471 daAuts
     D:1: 858 daAuts
     D:3: 238 daAuts
     D:5: 16 daAuts
